 Dungeon Crawl Stone Soup version 0.27-a0-1456-gf5a116941d (webtiles) character file.

Game seed: 15631731528890419268

10 Lanoc the Magician (level 2, 0/21 HPs)
             Began as a Djinni Conjurer on July 6, 2021.
             Killed from afar by a dart slug (3 damage)
             ... with a slug dart
             ... on level 1 of the Dungeon.
             The game lasted 00:00:24 (436 turns).

Lanoc the Magician (Djinni Conjurer)                 Turns: 436, Time: 00:00:24

Health: 0/21       AC:  2    Str:  6    XL:     2   Next: 30%
Gold:   6          EV: 12    Int: 19    God:
                   SH:  0    Dex: 11

rFire    + + .     SeeInvis .   (no weapon)
rCold    x . .     Faith    .   (no shield)
rNeg     . . .     Spirit   .   a - +0 robe
rPois    ∞         Reflect  .   (no helmet)
rElec    .         Harm     .   (no cloak)
rCorr    .         Rampage  .   (no gloves)
Will     .....                  (boots unavailable)
Stlth    ++........             (no amulet)
HPRegen  0.07/turn              (no ring)
MPRegen  0.00/turn              (no ring)

@: flying
A: sickness immunity, fire resistance 2, cold vulnerability 1, float, innate
caster, hp casting, extra vitality 1
a: no special abilities


You were on level 1 of the Dungeon.
You visited 1 branch of the dungeon, and saw 1 of its levels.

You collected 6 gold pieces.

Inventory:

Armour
 a - a +0 robe (worn)
Scrolls
 b - a scroll of teleportation {unknown}
 c - 2 scrolls of fear {unknown}
 e - a scroll of noise {unknown}
Potions
 d - 2 potions of attraction {unknown}


   Skills:
 + Level 2.5 Dodging
 - Level 1.5 Stealth
 * Level 3.5 Spellcasting


You couldn't memorise any spells.
You knew the following spells:

 Your Spells              Type           Power      Damage    Failure   Level
a - Magic Dart            Conj           64%        1d6       3%          1
b - Searing Ray           Conj           32%        3d4       5%          2
c - Dazzling Flash        Conj/Hex       32%        N/A       11%         3
d - Fulminant Prism       Conj/Hex       8%         3d7       34%         4
e - Iskenderun's Mystic   Conj/Tloc      16%        2d5       34%         4
Your spell library was empty.

Dungeon Overview and Level Annotations

Branches:
Dungeon (1/15)

Altars:


Innate Abilities, Weirdness & Mutations

You are immune to sickness and miasma.
You are immune to poison.
Your flesh is very heat resistant. (rF++)
You are vulnerable to cold. (rC-)
You float through the air rather than walking.
You learn spells naturally, not from books.
Your magical power is your life essence.
You have superior vitality. (+4 HP)


Message History

The magic dart hits the dart slug.
The dart slug is heavily wounded.
Casting: Magic Dart (safe; 3% risk of failure)
Confirm with . or Enter, or press ? or * to list all spells.
Aiming: Magic Dart (safe; 3% risk of failure)
Press: ? - help, Shift-Dir - straight line, f/p - dart slug
Aim: a dart slug (heavily wounded, 100% to hit)
The magic dart hits the dart slug but does no damage.
The dart slug is heavily wounded.
Casting: Magic Dart (safe; 3% risk of failure)
Confirm with . or Enter, or press ? or * to list all spells.
Aiming: Magic Dart (safe; 3% risk of failure)
Press: ? - help, Shift-Dir - straight line, f/p - dart slug
Aim: a dart slug (heavily wounded, 100% to hit)
The magic dart hits the dart slug.
The dart slug is almost dead.
The dart slug launches a dart at you. The slug dart hits you.
* * * LOW HITPOINT WARNING * * *
Casting: Magic Dart (safe; 3% risk of failure)
Confirm with . or Enter, or press ? or * to list all spells.
Aiming: Magic Dart (safe; 3% risk of failure)
Press: ? - help, Shift-Dir - straight line, f/p - dart slug
Aim: a dart slug (almost dead, 100% to hit)
The magic dart hits the dart slug but does no damage.
The dart slug is almost dead.
* * * LOW HITPOINT WARNING * * *
The dart slug launches a dart at you. The slug dart misses you.
Casting: Magic Dart (safe; 3% risk of failure)
Confirm with . or Enter, or press ? or * to list all spells.
Aiming: Magic Dart (safe; 3% risk of failure)
Press: ? - help, Shift-Dir - straight line, f/p - dart slug
Aim: a dart slug (almost dead, 100% to hit)
The magic dart hits the dart slug but does no damage.
The dart slug is almost dead.
* * * LOW HITPOINT WARNING * * *
The dart slug launches a dart at you. The slug dart hits you.
You die...

#....##.####.######.......
#.## #......... ########
#.######.. #.# ####.##.###
.)........# ......#.#.#
##. .###....#.##.....
#.....@)...w.$
#......##..... #.#.####
#.). ..... #. #####


You could see a dart slug.

Vanquished Creatures
  A dart slug (D:1)
  3 kobolds (D:1)
  A quokka (D:1)
  3 bats (D:1)
8 creatures vanquished.

Notes
Turn   | Place    | Note
-------+----------+-------------------------------------------
     0 | D:1      | Lanoc the Djinni Conjurer began the quest for the Orb.
     0 | D:1      | Reached XP level 1. HP: 15/15 MP: 0/0
   285 | D:1      | Reached XP level 2. HP: 19/21 MP: 0/0
   436 | D:1      | Killed from afar by a dart slug

Illustrated notes

Levels and vault maps discovered:
D:1:      dpeg_arrival_water_temple_mockup, layout_loops_cross,
          ebering_ecumenical_altar_box, serial_shops, shop,
          nicolae_shop_crystal, minmay_misc_feat_enclosed, minmay_pentomino_s4

Action                   || total
-------------------------++-------
 Cast: Magic Dart        ||    25
Dodge: Dodged            ||     5

Table legend: (Time is in decaauts)
 A = Elapsed time spent in this place.
 B = Non-inter-level travel time spent in this place.
 C = Inter-level travel time spent in this place.
 D = Time resting spent in this place.
 E = Time spent auto-exploring this place.
 F = Levels seen in this place.
 G = Mean time per level.
                   A        B        C        D        E       F      G
               +--------+--------+--------+--------+--------+-----+--------+
         Total |    436 |    436 |      0 |      0 |    399 |   1 |  436.0 |
       Dungeon |    436 |    436 |      0 |      0 |    399 |   1 |  436.0 |
               +--------+--------+--------+--------+--------+-----+--------+

Top non-repeatable levels by time:
     D:1: 436 daAuts
